 Dungeon Crawl Stone Soup version 0.30-a0-605-gb2882149bf (webtiles) character file.

Game seed: 9460997350259820972

22439 bmack86 the Fighter (level 12, -5/116 HPs)
             Began as a Minotaur Fighter on Jan 8, 2023.
             Was a High Priest of Okawaru.
             Slain by a death yak (7 damage)
             ... on level 3 of the Lair of Beasts.
             The game lasted 00:40:13 (14011 turns).

bmack86 the Fighter (Minotaur Fighter)             Turns: 14011, Time: 00:40:14

Health: -5/116     AC: 23    Str: 25    XL:     12   Next: 63%
Magic:  0/14       EV:  9    Int:  9    God:    Okawaru [*****.]
Gold:   332        SH:  8    Dex: 14    Spells: 11/11 levels left

rFire   . . .      SeeInvis +    a - +1 war axe (spect)
rCold   + . .      Faith    +    c - +0 buckler
rNeg    . . .      Spirit   .    H - +1 plate armour of the Old and Reckless {Regen+}
rPois   .          Reflect  .    (helmet restricted)
rElec   .          Harm     .    (no cloak)
rCorr   .          Rampage  .    G - +2 pair of gloves {infuse}
Will    +....                    k - +0 pair of boots Stlth
                                 P - amulet of faith
HPRegen 1.19/turn                j - ring of see invisible
MPRegen 0.14/turn                s - ring of Xodghan {rC+ Will+ Int+4 Dex+3}

@: heroic, slowed, very slow
A: horns 2, retaliatory headbutt
a: Renounce Religion, Heroism, Finesse, Duel


You were on level 3 of the Lair of Beasts.
You worshipped Okawaru.
Okawaru was extremely pleased with you.
You visited 3 branches of the dungeon, and saw 14 of its levels.
You also visited: Ossuary and Bailey.

You collected 1737 gold pieces.
You spent 1405 gold pieces at shops.

Inventory:

Hand Weapons
 a - a +1 spectral war axe (weapon)
Missiles
 d - a throwing net
 n - 15 boomerangs (quivered)
 p - 30 poisoned darts
 I - 3 silver javelins
 M - an atropa-tipped dart
Armour
 c - a +0 buckler (worn)
 k - a +0 pair of boots (worn)
 u - a +0 plate armour
 C - a +3 chain mail of cold resistance
 G - a +2 pair of gloves of infusion (worn)
 H - the +1 plate armour of the Old and Reckless (worn) {Regen+}
   (You bought it in a shop on level 2 of the Dungeon)

   Regen:     It increases your rate of health regeneration.
Jewellery
 h - an amulet of guardian spirit
 j - a ring of see invisible (left hand)
 s - the ring of Xodghan (right hand) {rC+ Will+ Int+4 Dex+3}
   (You found it on level 3 of the Dungeon)

   [ring of willpower]

   Int:       It affects your intelligence (+4).
   Dex:       It affects your dexterity (+3).
   rC:        It protects you from cold.
   Will:      It increases your willpower.
 y - a ring of protection from fire
 K - a ring of resist corrosion
 N - a +6 ring of intelligence
 P - an amulet of faith (around neck)
 S - a ring of positive energy
Wands
 t - a wand of digging (7)
 w - a wand of flame (19)
 D - a wand of paralysis (3)
 F - a wand of polymorph (3)
Scrolls
 e - 8 scrolls of teleportation
 g - 5 scrolls of fog
 x - 2 scrolls of blinking
 J - 3 scrolls of identify
 L - a scroll of vulnerability {unknown}
 O - a scroll of fear
 R - a scroll of brand weapon
Potions
 b - 4 potions of heal wounds
 f - 2 potions of ambrosia
 i - 5 potions of flight
 l - 3 potions of invisibility
 m - 3 potions of curing
 o - 2 potions of attraction {unknown}
 q - 2 potions of mutation
 r - 2 potions of magic
 v - 2 potions of resistance
 z - 5 potions of brilliance
 A - 4 potions of lignification
 B - 3 potions of haste
 Q - a potion of cancellation {unknown}
 T - a potion of might
Miscellaneous
 E - a piece from Xom's chessboard (15/15)


   Skills:
 * Level 13.7(18.7) Fighting
 * Level 13.5(18.5) Axes
 + Level 7.7(12.7) Throwing
 + Level 10.1(15.1) Armour
 + Level 10.1(15.1) Shields
 + Level 5.2 Invocations


You had 11 spell levels left.
You didn't know any spells.
Your spell library contained the following spells:

 Spells                   Type           Power      Damage    Failure   Level
 Beastly Appendage        Tmut           0%         N/A       98%         1
 Necrotise                Necr           0%         1d4       98%         1
 Sting                    Tmut/Pois      0%         1d3       98%         1
 Blink                    Tloc           0%         N/A       99%         2
 Ensorcelled Hibernation  Hex/Ice        0%         N/A       99%         2
 Momentum Strike          Conj/Tloc      0%         3d8       99%         2
 Passwall                 Tmut/Erth      0%         N/A       99%         2
 Poisonous Vapours        Pois/Air       0%         N/A       99%         2
 Scorch                   Fire           0%         2d5       99%         2
 Wereblood                Tmut           0%         N/A       99%         2
 Gell's Gravitas          Tloc           0%         N/A       100%        3
 Hailstorm                Conj/Ice       0%         3d3       100%        3
 Ignite Poison            Fire/Tmut/Pois 0%         N/A       100%        3
 Kindle Blastsparks       Fire/Tloc/Air  0%         2d10      100%        3
 Lesser Beckoning         Tloc           0%         N/A       100%        3
 Ozocubu's Armour         Ice            0%         N/A       100%        3
 Spider Form              Tmut/Pois      0%         N/A       100%        3
 Swiftness                Air            0%         N/A       100%        3
 Teleport Other           Tloc           0%         N/A       100%        3
 Vampiric Draining        Necr           0%         2d6       100%        3
 Vhi's Electric Charge    Tloc/Air       0%         N/A       100%        3
 Flame Wave               Conj/Fire      0%         2d4       100%        4
 Ice Form                 Ice/Tmut       0%         N/A       100%        4
 Olgreb's Toxic Radiance  Pois           0%         N/A       100%        4
 Agony                    Necr           0%         N/A       100%        5
 Arcjolt                  Conj/Air       0%         1d10      100%        5
 Freezing Cloud           Conj/Ice/Air   0%         6-21      100%        5
 Metabolic Englaciation   Hex/Ice        0%         N/A       100%        5
 Yara's Violent Unravell  Hex/Tmut       0%         3d3       100%        5
 Enfeeble                 Hex            0%         N/A       100%        7
 Maxwell's Capacitive Co  Air            0%         ∞         100%        8
 Simulacrum               Ice/Necr       Unusable   N/A       N/A         6
 Summon Cactus Giant      Summ           Unusable   N/A       N/A         6

Dungeon Overview and Level Annotations

Branches:
Dungeon (10/15)            Temple (1/1) D:4            Lair (3/5) D:10
  Snake (0/4) Lair:2      Ossuary (visited)          Bailey (visited)
  Swamp: Lair:2-3    Shoals: Lair:2-3       Orc: D:9-12

Altars:
Ashenzari
Cheibriados
Dithmenos
Elyvilon
Fedhas
Gozag
Hepliaklqana
Kikubaaqudgha
Makhleb
Nemelex Xobeh
Okawaru
Qazlal
Ru
Sif Muna
Trog
Uskayaw
Vehumet
Wu Jian
Xom
Yredelemnul
Zin
The Shining One

Shops:
D:1 =   D:2 [   D:4 ?   D:5 :?=?((   D:10 !


Innate Abilities, Weirdness & Mutations

You have a pair of horns on your head.
You reflexively headbutt those who attack you in melee.


Message History

You barely miss the death yak.
You hit the torpor snail but do no damage.
You hit the death yak but do no damage. You slice the death yak!!
You kill the death yak!
Okawaru accepts your kill.
Your +1 spectral war axe hits the death yak!
Your +1 spectral war axe hits the death yak.
The death yak gores you but does no damage.
The death yak gores you!!
* * * LOW HITPOINT WARNING * * *
The death yak misses your +1 spectral war axe.
Your base Shields skill increases to level 10!
You hit the death yak. You headbutt the death yak!
The death yak is almost dead.
You hit the torpor snail but do no damage.
You hit the death yak. You barely miss the yak. You hit the death yak.
The torpor snail bites you.
* * * LOW HITPOINT WARNING * * *
Unknown command.
You slice the death yak!!
You kill the death yak!
Okawaru accepts your kill.
You slash the death yak! You slash the yak! You barely miss the death yak.
You hit the torpor snail.
Your +1 spectral war axe hits the death yak!
Your +1 spectral war axe hits the yak!
The yak misses your +1 spectral war axe.
The death yak gores you but does no damage.
Unknown command.
You swap places.
Your hands slow down.
The death yak gores you.
* * * LOW HITPOINT WARNING * * *
The death yak gores you but does no damage.
The yak gores you but does no damage.
You hit the torpor snail.
The torpor snail is almost dead.
You hit the death yak. You slash the yak! You hit the death yak.
The death yak gores you!
You die...

........ ................
..###.........># ..#
#.........# ..#
##.........# .##
#..........# ..#
##.........#### #
..#.............#Y##..#.#
...^............@wYkl....
#.P#####.#..####YYYY....?
#.## #.## #.l?....... #..
#..# ##..Y...... ...#
#..# #......... ..##
##.## .......... #.##
#P.# #.........
#..#######<## #.........
P.##.#.##...##...


You could see 3 death yaks, a torpor snail, a komodo dragon, 4 yaks, a basilisk
and a rime drake.

Vanquished Creatures
  A hydra (Lair:3)
  A two-headed ogre (D:9)
  3 death yaks (Lair:3)
  Nergalle (Lair:2)
  Amaemon (Lair:2)
  An orc knight (Bailey)
  A deep elf zephyrmancer (Bailey)
  A manticore (D:10)
  3 black mambas (Lair:1)
  An orange demon (Lair:2)
  A cane toad (Lair:3)
  9 komodo dragons
  Maggie (D:10)
  A rime drake (Lair:1)
  2 polar bears (Lair:1)
  A hornet (D:10)
  2 trolls
  Prince Ribbit (D:5)
  5 blink frogs
  Sigmund (D:5)
  A basilisk (Lair:2)
  Eustachio (D:4)
  2 wyverns
  A wraith (D:10)
  14 yaks
  A human (D:6)
  A steam dragon (D:7)
  Menkaure (D:4)
  Edmund (D:5)
  2 acid dragons
  Duvessa (D:4)
  3 nagas (Lair:2)
  5 water moccasins
  A sky beast (D:6)
  3 ice beasts
  2 black bears
  6 orc warriors
  3 ogres (D:6)
  13 wolves
  3 centaurs
  4 kobold brigands
  Blork the orc (D:5)
  8 bullfrogs
  2 necrophages
  3 elf zombies (Ossuary)
  A gnoll sergeant (D:8)
  5 scorpions
  3 wights (D:8)
  Dowan (D:4)
  6 killer bees (D:9)
  2 howler monkeys
  4 electric eels (D:10)
  A quasit (D:7)
  2 human zombies (Ossuary)
  5 orc priests
  6 hounds
  3 gnoll boudas
  Jessica (D:2)
  An iguana (D:5)
  12 orc wizards
  Natasha (twice) (D:4)
  A hound zombie (Ossuary)
  4 mummies (Ossuary)
  3 adders
  24 gnolls
  A shadow imp (D:6)
  2 white imps (D:7)
  An ufetubus (D:7)
  An adder zombie (Ossuary)
  A worm (D:2)
  5 dart slugs
  42 orcs
  6 endoplasms
  A giant cockroach (D:1)
  A gnoll zombie (Ossuary)
  2 goblins
  9 hobgoblins
  2 quokkas
  7 ball pythons
  4 bats
  2 frilled lizards
  A goblin zombie (Ossuary)
  A jackal skeleton (D:6)
  A jackal zombie (Ossuary)
  28 kobolds
  An orc zombie (Ossuary)
  8 rats
  A rat zombie (Ossuary)
336 creatures vanquished.

Vanquished Creatures (others)
  A demonic plant (D:7)
  10 fungi
  12 plants
23 creatures vanquished.

Grand Total: 359 creatures vanquished

Notes
Turn   | Place    | Note
-------+----------+-------------------------------------------
     0 | D:1      | bmack86 the Minotaur Fighter began the quest for the Orb.
     0 | D:1      | Reached XP level 1. HP: 19/19 MP: 0/0
    58 | D:1      | Found Sugefap's Jewellery Shoppe.
   230 | D:1      | Reached XP level 2. HP: 27/27 MP: 1/1
   893 | D:2      | Reached XP level 3. HP: 29/33 MP: 2/2
   922 | D:2      | Found a faded altar of an unknown god.
  1166 | D:2      | Found Jubrur's Armour Boutique.
  1232 | D:2      | Noticed Jessica
  1238 | D:2      | Killed Jessica
  1524 | D:3      | Found a snail-covered altar of Cheibriados.
  1561 | D:3      | Reached XP level 4. HP: 41/41 MP: 3/3
  2038 | D:3      | Noticed a scorpion
  2053 | D:3      | Killed a scorpion
  2054 | D:3      | Reached XP level 5. HP: 33/47 MP: 4/4
  2056 | D:3      | Identified the ring of Xodghan {rC+ Will+ Int+4 Dex+3}
  2403 | D:4      | Noticed Eustachio
  2619 | D:4      | Noticed Menkaure
  2623 | D:4      | Reached skill level 5 in Fighting
  2623 | D:4      | Found a staircase to the Ecumenical Temple.
  2630 | D:4      | Killed Menkaure
  2631 | D:4      | Reached skill level 1 in Throwing
  2631 | D:4      | Reached XP level 6. HP: 17/56 MP: 2/5
  2773 | D:4      | Killed Eustachio
  2774 | D:4      | Reached skill level 5 in Axes
  2821 | Temple   | Entered the Ecumenical Temple
  2821 | Temple   | Found a transporter.
  2821 | Temple   | Found a transporter.
  2823 | Temple   | Found a transporter.
  2823 | Temple   | Found a transporter.
  2969 | D:4      | Found The Oracle's Delphic Readings.
  2978 | D:4      | Reached skill level 5 in Shields
  2978 | D:4      | Reached XP level 7. HP: 37/63 MP: 6/6
  3144 | D:4      | Noticed Natasha
  3151 | D:4      | Killed Natasha
  3273 | D:4      | Reached skill level 5 in Armour
  3287 | D:4      | Noticed Natasha
  3293 | D:4      | Killed Natasha
  3546 | D:4      | Noticed Duvessa
  3548 | D:4      | Noticed Dowan
  3557 | D:4      | Killed Dowan
  3565 | D:4      | Killed Duvessa
  3782 | D:5      | Entered Level 5 of the Dungeon
  3782 | D:5      | Found Pomics's Magic Scroll Shoppe.
  3884 | D:5      | Noticed Blork the orc
  3892 | D:5      | Noticed Edmund
  3904 | D:5      | Killed Edmund
  3931 | D:5      | Found a sand-covered staircase.
  3937 | D:5      | Reached XP level 8. HP: 69/73 MP: 7/7
  3954 | Ossuary  | Entered an ossuary
  4305 | D:5      | Killed Blork the orc
  4383 | D:5      | Noticed Prince Ribbit
  4389 | D:5      | Killed Prince Ribbit
  4485 | D:5      | Found Feshrois's Magic Scroll Shoppe.
  4511 | D:5      | Found Japs's Firing Range.
  4592 | D:5      | Noticed Sigmund
  4599 | D:5      | Killed Sigmund
  4607 | D:5      | Found Wauj Jaom's Antique Weapon Shoppe.
  4615 | D:5      | Reached XP level 9. HP: 81/82 MP: 8/8
  4695 | D:5      | Found Uvopuikk's Jewellery Emporium.
  4713 | D:5      | Noticed a troll
  4717 | D:5      | Killed a troll
  4768 | D:5      | Found Waahamiforch's Book Boutique.
  5052 | D:6      | Found a runed translucent door.
  5211 | D:6      | Found a basalt altar of Yredelemnul.
  5723 | D:7      | Found an iron altar of Okawaru.
  5783 | D:7      | Became a worshipper of Warmaster Okawaru
  6349 | D:8      | Reached skill level 5 in Throwing
  6524 | D:6      | Reached skill level 10 in Fighting
  6524 | D:6      | Reached XP level 10. HP: 86/93 MP: 9/9
  6908 | D:8      | Reached * piety under Okawaru
  7418 | D:9      | Reached skill level 10 in Axes
  7450 | D:9      | Noticed a two-headed ogre
  7455 | D:9      | Killed a two-headed ogre
  7456 | D:9      | Reached skill level 1 in Invocations
  7729 | D:9      | Reached ** piety under Okawaru
  7867 | D:9      | Found a shimmering blue altar of Sif Muna.
  8094 | D:9      | Identified the +6 long sword of Instant Death {heavy, rElec
                  | rN+}
  8203 | D:10     | Entered Level 10 of the Dungeon
  8317 | D:10     | Noticed a manticore
  8332 | D:10     | Found a flagged portal.
  8348 | Bailey   | Entered a bailey
  8608 | Bailey   | Found a large runed translucent door.
  8608 | Bailey   | Found a large runed translucent door.
  8610 | Bailey   | Noticed a deep elf zephyrmancer
  8614 | Bailey   | Reached *** piety under Okawaru
  8698 | Bailey   | Noticed an orc knight
  8704 | Bailey   | Killed an orc knight
  8705 | Bailey   | Reached XP level 11. HP: 29/102 MP: 6/11
  9049 | Bailey   | Killed a deep elf zephyrmancer
  9061 | Bailey   | Identified the +4 robe of Oblivion {*Corrode rC++ Will+}
  9476 | D:10     | Found Beturchi's Distillery.
 10000 | D:10     | Received a gift from Okawaru
 10050 | D:10     | Noticed Maggie
 10060 | D:10     | Killed Maggie
 10113 | D:10     | Found a sacrificial altar of Ru.
 10455 | D:4      | Bought a scroll of acquirement for 728 gold pieces
 10457 | D:4      | Acquired 715 gold pieces
 10625 | D:2      | Bought the +1 plate armour of the Old and Reckless {Regen+}
                  | for 385 gold pieces
 10809 | D:5      | Bought a scroll of enchant armour for 82 gold pieces
 10961 | D:10     | Bought a potion of heal wounds for 70 gold pieces
 10961 | D:10     | Bought a potion of resistance for 140 gold pieces
 11031 | D:10     | Found a staircase to the Lair.
 11213 | Lair:1   | Entered Level 1 of the Lair of Beasts
 11342 | Lair:1   | Reached **** piety under Okawaru
 11630 | Lair:1   | Reached ***** piety under Okawaru
 11724 | Lair:1   | Received a gift from Okawaru
 12335 | Lair:2   | Noticed Nergalle
 12344 | Lair:2   | Killed Nergalle
 12484 | Lair:2   | Found a staircase to the Snake Pit.
 12675 | Lair:2   | Reached XP level 12. HP: 86/113 MP: 0/14
 12900 | Lair:2   | Noticed Amaemon
 12906 | Lair:2   | Received a gift from Okawaru
 12911 | Lair:2   | Killed Amaemon
 13020 | Lair:2   | Identified the +1 scale mail of Life {Dex+5} (Okawaru
                  | gifted it to you on level 2 of the Lair of Beasts)
 13020 | Lair:2   | Received a gift from Okawaru
 13754 | Lair:3   | Noticed a four-headed hydra
 13772 | Lair:3   | Killed an 18-headed hydra
 13773 | Lair:3   | Reached skill level 10 in Armour
 13773 | Lair:3   | Reached skill level 5 in Invocations
 13987 | Lair:3   | Noticed a death yak
 13988 | Lair:3   | Noticed a death yak
 13988 | Lair:3   | Noticed a death yak
 13989 | Lair:3   | Noticed a death yak
 13989 | Lair:3   | Noticed a death yak
 13990 | Lair:3   | Noticed a death yak
 14007 | Lair:3   | Killed a death yak
 14007 | Lair:3   | Killed a death yak
 14008 | Lair:3   | Reached skill level 10 in Shields
 14008 | Lair:3   | HP: 4/115 [torpor snail (4)]
 14009 | Lair:3   | Killed a death yak
 14010 | Lair:3   | HP: 1/116 [death yak (6)]
 14011 | Lair:3   | Slain by a death yak

Illustrated notes

Levels and vault maps discovered:
D:1:      lemuel_arrival_rhombus, layout_basic, serial_shops,
          nicolae_shop_hallway_plus, minmay_cut_off
D:2:      layout_basic, serial_shops, shop_statue,
          hellmonk_ecumenical_altar_run_dry, uniq_jessica
D:3:      wad_pebble_path, layout_basic, cheibriados_altar_1
D:4:      layout_basic, temple_fountains, nicolae_nh_oracle_at_delphi,
          uniq_eustachio, uniq_menkaure, uniq_duvessa, uniq_natasha
D:5:      layout_loops_ring, serial_shops, nicolae_lakefront_shop,
          nicolae_shop_waterfront, shop, shop,
          nicolae_shop_temple_entry_statues_fountains,
          nicolae_ossuary_entry_ruins, nicolae_shop_firing_range,
          uniq_blork_the_orc, uniq_sigmund, uniq_prince_ribbit1, uniq_edmund
D:6:      layout_cave_pools, dk_yredelemnul_ordeal
D:7:      layout_loops_ring, mainiacjoe_overflow_paths, serial_demonic,
          serial_demonic_b, serial_demonic_e, serial_demonic_g, serial_demonic_d
D:8:      layout_loops_ring, serial_park_tiny_1, hellmonk_bongcloud_opening
D:9:      layout_roguey, mainiacjoe_overflow_24_doors
D:10:     layout_basic, nicolae_ru_sacrificial_ziggurat, erik_lair_island,
          serial_shops, shop_fountains, enter_bailey_7, uniq_maggie
Temple:   hellmonk_temple_divided_pantheon
Lair:1:   layout_chaotic_city, st_stairs_7, nzn_random_ring
Lair:2:   layout_loops_ring, guppyfry_snake_entry_island, uniq_nergalle,
          uniq_amaemon
Lair:3:   layout_small_grid, palyth_hydra_swamp_entry, beast_lair_carwin_5

Skill      XL: |  1  2  3  4  5  6  7  8  9 10 11 12 |
---------------+-------------------------------------+-----
Fighting       | 4 5 6 7 8 10 11 12 13 | 13.7
Axes           | 3 4 5 6 8 9 11 12 13 | 13.5
Armour         | 4 5 6 7 8 9 10 | 10.1
Shields        | 4 5 6 7 8 9 10 | 10.1
Throwing       | 1 2 3 5 6 7 |  7.7
Invocations    | 2 4 5 |  5.2

Action                   |  1- 3 |  4- 6 |  7- 9 | 10-12 || total
-------------------------+-------+-------+-------+-------++-------
Melee: War axe           |    60 |    79 |   223 |   362 ||   724
       Headbutt          |    11 |     9 |    53 |    77 ||   150
Throw: Dart              |       |     2 |     2 |       ||     4
       Boomerang         |       |       |       |     4 ||     4
Invok: Heroism           |       |       |       |     9 ||     9
       Finesse           |       |       |       |     2 ||     2
  Use: Scroll            |     4 |     1 |    15 |     9 ||    29
       Potion            |       |       |     1 |     2 ||     3
 Stab: Distracted        |       |       |     1 |     5 ||     6
       Invisible         |       |       |       |     1 ||     1
Armor: Scale mail        |    33 |   102 |       |       ||   135
       Chain mail        |       |     8 |   126 |   125 ||   259
       Plate armour      |       |       |       |   126 ||   126
Dodge: Dodged            |    24 |    80 |    79 |   155 ||   338
Block: Buckler           |    12 |    38 |    67 |   137 ||   254

Table legend: (Time is in decaauts)
 A = Elapsed time spent in this place.
 B = Non-inter-level travel time spent in this place.
 C = Inter-level travel time spent in this place.
 D = Time resting spent in this place.
 E = Time spent auto-exploring this place.
 F = Levels seen in this place.
 G = Mean time per level.
                   A        B        C        D        E       F      G
               +--------+--------+--------+--------+--------+-----+--------+
         Total |  14101 |  12862 |   1239 |    858 |   7413 |  16 |  881.3 |
       Dungeon |  10071 |   8891 |   1180 |    254 |   5172 |  10 | 1007.1 |
        Temple |     59 |     59 |      0 |      0 |      0 |   1 |   59.0 |
          Lair |   2772 |   2713 |     59 |    148 |   1926 |   3 |  924.0 |
       Ossuary |    287 |    287 |      0 |     20 |     71 |   1 |  287.0 |
        Bailey |    910 |    910 |      0 |    436 |    244 |   1 |  910.0 |
               +--------+--------+--------+--------+--------+-----+--------+

Top non-repeatable levels by time:
     D:4: 1557 daAuts
    D:10: 1475 daAuts
  Lair:2: 1116 daAuts
  Lair:1: 1067 daAuts
     D:2: 1017 daAuts
     D:9: 963 daAuts
     D:5: 953 daAuts
     D:3: 952 daAuts
     D:8: 912 daAuts
  Bailey: 910 daAuts
     D:7: 822 daAuts
     D:1: 753 daAuts
     D:6: 663 daAuts
  Lair:3: 588 daAuts
 Ossuary: 287 daAuts
